 Dungeon Crawl Stone Soup version 0.31-a0-702-gf82c85558f (webtiles) character file.

Game seed: 17974922284570844615

152 qw the Shooter (level 5, 0/34 HPs)
             Began as a Gargoyle Hunter on Sept 8, 2023.
             Slain by an orc
             ... wielding a +0 whip
              (2 damage)
             ... on level 3 of the Dungeon.
             The game lasted 00:00:32 (1017 turns).

qw the Shooter (Gargoyle Hunter)                    Turns: 1017, Time: 00:00:33

Health: 0/34       AC:  7    Str: 15    XL:     5   Next: 34%
Magic:  5/5        EV: 12    Int:  9    God:
Gold:   117        SH:  0    Dex: 21    Spells: 4/4 levels left

rFire   . . .        Y - +0 shortbow
rCold   . . .        (shield currently unavailable)
rNeg    + . .        c - +0 leather armour
rPois   inf          (no helmet)
rElec   +            (no cloak)
rCorr   .            (no gloves)
SInv    .            (no boots)
Will    .....        (no amulet)
Stlth   ++           h - +6 ring of dexterity
HPRegen 0.25/turn    (no ring)
MPRegen 0.09/turn

%: no passive effects
@: no status effects
A: sickness immunity, AC +4, negative energy resistance 1, electricity
resistance, torment resistance 1, petrification resistance
a: no special abilities


You were on level 3 of the Dungeon.
You visited 1 branch of the dungeon, and saw 3 of its levels.

You collected 117 gold pieces.


Innate Abilities, Weirdness & Mutations

You are immune to sickness and miasma.
Your stone body is resilient. (AC +4)
You are immune to poison.
You resist negative energy. (rN+)
You are resistant to electric shocks. (rElec)
You are resistant to unholy torment.
You are immune to petrification.


   Skills:
 - Level 4.7 Fighting
 + Level 5.1 Ranged Weapons
 - Level 1.5 Dodging
 - Level 1.1 Stealth


You had 4 spell levels left.
You didn't know any spells.
Your spell library was empty.

Inventory:

Hand Weapons
 Y - a +0 shortbow (weapon)
Armour
 c - a +0 leather armour (worn)
Jewellery
 e - a ring of wizardry
 h - a +6 ring of dexterity (left hand)
Scrolls
 a - a scroll of noise {unknown}
 b - a scroll of teleportation {unknown}
Potions
 d - a potion of lignification {unknown}
 g - a potion of attraction {unknown}

Dungeon Overview and Level Annotations

Branches:
Dungeon (3/15)

Altars:


Message History

The adder bites you.
You hear some strange, mumbled words.
Something tries to affect you, but you resist.
The orc hits you with a +0 whip.
The orc wizard hits you with a +0 dagger.
You shoot an arrow.
The arrow closely misses the orc wizard.
The adder closely misses you. Something completely misses you.
The orc hits you with a +0 whip.
The orc wizard hits you with a +0 dagger.
The adder barely misses you.
You shoot an arrow. The arrow hits the orc wizard.
The orc wizard is severely wounded.
The adder bites you but does no damage. Something hits you but does no damage.
The orc hits you but does no damage.
The orc wizard hits you but does no damage.
You shoot an arrow.
The arrow closely misses the orc wizard.
The adder barely misses you. Something hits you. The orc closely misses you.
The orc wizard hits you with a +0 dagger.
The adder closely misses you.
You shoot an arrow. The arrow hits the orc wizard.
The orc wizard is almost dead.
Something hits you but does no damage. The orc hits you with a +0 whip.
The orc wizard gestures at you while chanting.
The puff of flame hits you. The adder barely misses you.
The orc hits you with a +0 whip. The orc wizard closely misses you.
Something completely misses you.
You shoot an arrow. The arrow barely misses the orc wizard.
The adder misses you. The adder bites you but does no damage.
The orc hits you with a +0 whip.
You hear some strange, mumbled words.
A magic dart appears from out of thin air!
The magic dart hits you but does no damage.
The orc wizard hits you but does no damage.
You shoot an arrow.
The arrow completely misses the orc wizard.
The adder closely misses you. Something barely misses you.
The orc hits you with a +0 whip.
You die...

###### #....# . #.....
#....# .. #..... S.
#....#.....# #.....
#..b###....#.....# #....<
#.o.....b........###.....
#ooS.#.............
#{@###.............
##...#............. .
###.......%....#..
:...##...........#..
#..............+..
####.#####.....###
#.#####.....#
#...........#
######......#


You could see an orc wizard, an adder, an orc and a bat.

Vanquished Creatures
  An ice beast (D:3)
  2 adders
  A dart slug (D:3)
  5 endoplasms (D:1)
  A giant cockroach (D:1)
  5 goblins
  A hobgoblin (D:1)
  4 jackals (D:1)
  A quokka (D:3)
  4 ball pythons
  6 bats
  A frilled lizard (D:1)
  4 kobolds
  5 rats
41 creatures vanquished.

Notes
Turn   | Place    | Note
-------+----------+-------------------------------------------
     0 | D:1      | qw the Gargoyle Hunter began the quest for the Orb.
     0 | D:1      | Reached XP level 1. HP: 12/12 MP: 1/1
     0 | D:1      | 0 ||| qw: Version: 0.3-a-76-g4403597
     0 | D:1      | 0 ||| qw: Game counter: 1204
     0 | D:1      | 0 ||| qw: Melee chars always use a shield: true
     0 | D:1      | 0 ||| qw: God list: Okawaru
     0 | D:1      | 0 ||| qw: Allow faded altars: false
     0 | D:1      | 0 ||| qw: Do Orc after clearing Dungeon:15 true
     0 | D:1      | 0 ||| qw: Do second Lair branch before Depths: true
     0 | D:1      | 0 ||| qw: Lair rune preference: random
     0 | D:1      | 0 ||| qw: Goals: Normal
     0 | D:1      | 0 ||| PLANNING D:1-11
   103 | D:1      | 103 ||| Stepping ~*~*~tactically~*~*~ (water).
   172 | D:1      | Reached XP level 2. HP: 17/17 MP: 2/2
   280 | D:1      | Found a faded altar of an unknown god.
   315 | D:1      | Reached XP level 3. HP: 21/21 MP: 3/3
   327 | D:1      | Reached skill level 5 in Ranged Weapons
   500 | D:1      | 500 ||| UPGRADING to +6 ring of dexterity.
   501 | D:1      | 501 ||| READING scroll labelled ZICIZEOWAOH.
   502 | D:1      | 502 ||| READING scroll labelled ARACISAONG.
   503 | D:1      | 503 ||| READING 3 scrolls labelled ZANWUK AQIA.
   504 | D:1      | 504 ||| DRINKING 2 viscous yellow potions.
   505 | D:1      | 505 ||| DROPPING scroll of butterflies.
   506 | D:1      | 506 ||| DROPPING potion of magic.
   507 | D:1      | 507 ||| DROPPING 2 scrolls of immolation.
   626 | D:2      | You fall into a shaft and drop 1 floor!
   684 | D:3      | Noticed an ice beast
   691 | D:3      | Killed an ice beast
   692 | D:3      | Reached XP level 4. HP: 12/30 MP: 4/4
   692 | D:3      | Reached XP level 5. HP: 14/34 MP: 5/5
   997 | D:3      | 997 ||| Stepping ~*~*~tactically~*~*~ (outnumbered).
  1001 | D:3      | 1001 ||| Stepping ~*~*~tactically~*~*~ (retreating).
  1015 | D:3      | HP: 5/34 [orc wizard/puff of flame (5)]
  1016 | D:3      | HP: 2/34 [orc/+0 whip (3)]
  1017 | D:3      | Slain by an orc

Levels and vault maps discovered:
D:1:      dpeg_arrival_castle, layout_basic,
          hellmonk_ecumenical_altar_dog_temple, minmay_unequal
D:2:      layout_basic
D:3:      layout_basic

Skill      XL: |  1  2  3 |
---------------+----------+-----
Ranged Weapons | 5 |  5.1
Fighting       | 4 |  4.7
Dodging        | |  1.5
Stealth        | |  1.1

Action                     |  1- 3 |  4- 6 || total
---------------------------+-------+-------++-------
   Fire: Shortbow          |   104 |    32 ||   136
    Use: Scroll            |     3 |       ||     3
         Potion            |     1 |       ||     1
 Armour: Leather armour    |    27 |    44 ||    71
  Dodge: Dodged            |    33 |    22 ||    55

Table legend:
 A = Non-vault XP
 B = Vault XP
 C = Vault XP percentage of total XP
 D = Non-vault monster count
 E = Vault monster count
 F = Vault count percentage of total count
                 A         B        C        D         E       F
            +---------+---------+-------+---------+---------+-------
      Total |     205 |      13 |   6.0 |      33 |       8 |  19.5
            +---------+---------+-------+---------+---------+-------
        D:1 |      33 |      13 |  28.3 |      22 |       8 |  26.7
        D:2 |      16 |       0 |   0.0 |       3 |       0 |   0.0
        D:3 |     156 |       0 |   0.0 |       8 |       0 |   0.0
            +---------+---------+-------+---------+---------+-------
